 Dungeon Crawl Stone Soup version 0.29-a0-234-g0dae59b3db (webtiles) character file.

Game seed: 13912389470092360002

725 Armakuni the Ruffian (level 7, 0/63 HPs)
             Began as a Troll Wanderer on Mar 2, 2022.
             Was an Initiate of the Shining One.
             Slain by a killer bee (2 damage)
             ... on level 5 of the Dungeon.
             The game lasted 00:06:36 (2647 turns).

Armakuni the Ruffian (Troll Wanderer)               Turns: 2647, Time: 00:06:36

Health: 0/63       AC:  4    Str: 19 (20) XL:     7   Next: 43%
Magic:  7/7        EV:  9    Int: 11 (12) God:    the Shining One [......]
Gold:   156        SH:  4    Dex:  8      Spells: 8/8 levels left

rFire   . . .      SeeInvis .     - Unarmed
rCold   . . .      Faith    .   (no shield)
rNeg    . . .      Spirit   .   f - +0 robe
rPois   .          Reflect  .   (helmet restricted)
rElec   .          Harm     .   (no cloak)
rCorr   .          Rampage  .   (gloves unavailable)
Will    .....                   (boots unavailable)
Stlth   ..........              (no amulet)
HPRegen 1.00/turn               L - ring of flight
MPRegen 0.10/turn               (no ring)

@: mighty, brilliant, lethally poisoned (0 -> -3), silenced, flying, hasted,
glowing, very quick
A: large, unfitting armour, claws 3, regeneration 1, shaggy fur 1, tough skin 1,
antennae 1, large bone plates 1, frail 1
a: Renounce Religion


You were on level 5 of the Dungeon.
You worshipped the Shining One.
The Shining One was noncommittal.
You visited 2 branches of the dungeon, and saw 6 of its levels.

You collected 156 gold pieces.

Inventory:

Armour
 f - a +0 robe (worn)
Jewellery
 L - a ring of flight (left claw)
Scrolls
 a - a scroll of fog
 d - a scroll of immolation
 j - a scroll of blinking
Potions
 b - a potion of flight
 i - a potion of brilliance
 k - 2 potions of curing


   Skills:
 + Level 4.6 Fighting
 - Level 1.0 Dodging
 - Level 1.5 Stealth
 + Level 5.6 Unarmed Combat
 - Level 1.0 Spellcasting
 - Level 2.0 Hexes
 - Level 1.3 Ice Magic


You had 8 spell levels left.
You didn't know any spells.
Your spell library contained the following spells:

 Spells                   Type           Power      Damage    Failure   Level
 Slow                     Hex            28%        N/A       14%         1
 Freeze                   Ice            20%        1d4       19%         1
 Ensorcelled Hibernation  Hex/Ice        12%        N/A       24%         2
 Frozen Ramparts          Ice            10%        1d3       50%         3
 Dazzling Flash           Conj/Hex       8%         N/A       54%         3
 Portal Projectile        Hex/Tloc       8%         N/A       54%         3
 Blade Hands              Tmut           0%         N/A       100%        5
 Excruciating Wounds      Necr           0%         N/A       100%        5


Dungeon Overview and Level Annotations

Branches:
Dungeon (5/15)             Temple (1/1) D:4

Altars:
Ashenzari
Cheibriados
Dithmenos
Hepliaklqana
Kikubaaqudgha
Makhleb
Nemelex Xobeh
Wu Jian
Zin
The Shining One


Innate Abilities, Weirdness & Mutations

You are too large for most types of armour.
You have claws for hands.
Your natural rate of healing is unusually fast.
You are covered in fur. (AC +1)
You have tough skin. (AC +1)
You have a pair of small antennae on your head.
You are partially covered in large bone plates. (SH +4)
You are frail. (-10% HP)


Message History

The killer bee stings you but does no damage.
You miss the killer bee.
The killer bee is heavily wounded.
The killer bee stings you but does no damage.
You miss the killer bee.
The killer bee is heavily wounded.
The killer bee stings you but does no damage.
You barely miss the killer bee. Your claw misses the killer bee.
The killer bee is heavily wounded.
The killer bee stings you.
* * * LOW HITPOINT WARNING * * *
The killer bee closely misses you.
You mangle the killer bee!!
You kill the killer bee!
You feel your dexterity returning.
You closely miss the killer bee. The killer bee stings you.
* * * LOW HITPOINT WARNING * * *
The killer bee stings you.
* * * LOW HITPOINT WARNING * * *
You scratch the killer bee.
The killer bee is lightly wounded.
You block the killer bee's attack.
Okay, then.
You barely miss the killer bee.
The killer bee is lightly wounded.
You block the killer bee's attack.
You closely miss the killer bee.
The killer bee is lightly wounded.
The killer bee misses you.
You scratch the killer bee.
The killer bee is moderately wounded.
The killer bee stings you.
* * * LOW HITPOINT WARNING * * *
You are lethally poisoned!
The killer bee poisons you!
You closely miss the killer bee.
The killer bee is moderately wounded.
* * * LOW HITPOINT WARNING * * *
You feel sick. The killer bee stings you.
You die...

#.. ..# #.#####
#.# #.###.#...##
#.# #.##....#...
#.#####.##....#(..
#.##........#####.
#.##.##.##....#...
#.......#.....#.##
#....#####......##
#@#### #........
#y# ##>###### #.#
#.# #.# ##'## #.#
##...## ...
##.....## #.#
##......|## .?.
#.........# ...
+.........+


You could see a killer bee.

Vanquished Creatures
  Grinder (D:3)
  An ogre (D:4)
  2 scorpions (D:4)
  3 killer bees (D:5)
  Jessica (D:2)
  An iguana (D:4)
  8 adders
  A worm (D:4)
  5 orcs (D:4)
  7 endoplasms
  A giant cockroach (D:2)
  7 goblins
  8 hobgoblins
  5 kobolds
  6 quokkas
  8 ball pythons
  2 bats
  4 frilled lizards
  5 rats
76 creatures vanquished.

Notes
Turn   | Place    | Note
-------+----------+-------------------------------------------
     0 | D:1      | Armakuni the Troll Wanderer began the quest for the Orb.
     0 | D:1      | Armakuni set off with the following items: a +0 club, a +0
                  | robe; and the following spells available to memorise: Slow,
                  | Freeze, Ensorcelled Hibernation, Frozen Ramparts, Dazzling
                  | Flash
     0 | D:1      | Reached XP level 1. HP: 16/16 MP: 1/1
   190 | D:1      | Reached skill level 1 in Unarmed Combat
   195 | D:1      | Reached XP level 2. HP: 26/26 MP: 2/2
   260 | D:1      | Reached skill level 1 in Fighting
   566 | D:2      | Reached XP level 3. HP: 27/33 MP: 3/3
   693 | D:2      | Reached skill level 2 in Unarmed Combat
   771 | D:2      | Noticed Jessica
   787 | D:2      | Killed Jessica
   788 | D:2      | Reached XP level 4. HP: 26/42 MP: 4/4
  1208 | D:3      | Reached skill level 3 in Unarmed Combat
  1413 | D:3      | Noticed Grinder
  1435 | D:3      | Paralysed by Grinder for 2 turns
  1454 | D:3      | Killed Grinder
  1455 | D:3      | Reached skill level 4 in Unarmed Combat
  1455 | D:3      | Reached XP level 5. HP: 23/53 MP: 5/5
  1455 | D:3      | Reached XP level 6. HP: 26/61 MP: 6/6
  1550 | D:3      | Identified the +2 quarterstaff "Kesuris" {pain, rN+ Int+4
                  | Dex+3}
  1878 | D:4      | Found a staircase to the Ecumenical Temple.
  1886 | Temple   | Entered the Ecumenical Temple
  1947 | Temple   | Became a worshipper of the Shining One
  2105 | D:4      | Reached skill level 5 in Unarmed Combat
  2105 | D:4      | Reached XP level 7. HP: 43/70 MP: 7/7
  2546 | D:5      | Entered Level 5 of the Dungeon
  2625 | D:5      | Gained mutation: You have a pair of small antennae on your
                  | head. [potion of mutation]
  2625 | D:5      | Gained mutation: You are frail. (-10% HP) [potion of
                  | mutation]
  2625 | D:5      | Gained mutation: You are partially covered in large bone
                  | plates. (SH +4) [potion of mutation]
  2646 | D:5      | HP: 3/63 [killer bee (5)]
  2647 | D:5      | Slain by a killer bee

Illustrated notes

Levels and vault maps discovered:
D:1:      onia_arrival_mini_maze_b, layout_rooms
D:2:      layout_rooms, hex_large, uniq_jessica
D:3:      layout_basic, uniq_grinder
D:4:      layout_gridville, minmay_temple_entry_sparse_star
D:5:      layout_loops_corners, gammafunk_temple_overflow_elements
Temple:   jpeg_temple_alley_garden

Skill      XL: |  1  2  3  4  5  6 |
---------------+-------------------+-----
Unarmed Combat | 1 2 4 5 |  5.6
Fighting       | 1 2 3 4 |  4.6
Dodging        | |  1.0
Stealth        | |  1.5
Spellcasting   | |  1.0
Hexes          | |  2.0
Ice Magic      | |  1.3

Action                   |  1- 3 |  4- 6 |  7- 9 || total
-------------------------+-------+-------+-------++-------
Melee: Unarmed           |   102 |   117 |    72 ||   291
       Punch             |       |     1 |     1 ||     2
  Use: Scroll            |       |     6 |     2 ||     8
       Potion            |       |     1 |     6 ||     7
Armor: Robe              |    42 |    28 |    17 ||    87
Dodge: Dodged            |    51 |    35 |    36 ||   122
Block: Other             |       |       |     3 ||     3

Table legend: (Time is in decaauts)
 A = Elapsed time spent in this place.
 B = Non-inter-level travel time spent in this place.
 C = Inter-level travel time spent in this place.
 D = Time resting spent in this place.
 E = Time spent auto-exploring this place.
 F = Levels seen in this place.
 G = Mean time per level.
                   A        B        C        D        E       F      G
               +--------+--------+--------+--------+--------+-----+--------+
         Total |   2616 |   2536 |     80 |     78 |   1676 |   6 |  436.0 |
       Dungeon |   2525 |   2473 |     52 |     78 |   1645 |   5 |  505.0 |
        Temple |     90 |     62 |     28 |      0 |     31 |   1 |   90.0 |
               +--------+--------+--------+--------+--------+-----+--------+

Top non-repeatable levels by time:
     D:4: 722 daAuts
     D:3: 707 daAuts
     D:1: 556 daAuts
     D:2: 455 daAuts
  Temple: 90 daAuts
     D:5: 84 daAuts
